 Dungeon Sprint DCSS version bcrawl-1.21.2-28-g2cb1824106 (webtiles) character file.

Game seed: 17024369759984729448

27637 Freyura the Bludgeoner (level 13, -3/128 HPs)
             Began as a Minotaur Fighter on Mar 22, 2020.
             Was the Champion of the Shining One.
             Slain by an emperor scorpion (20 damage)
             ... in the Dungeon (Sprint IX: "|||||||||||||||||||||||||||||").
             The game lasted 00:13:27 (2648 turns).

Freyura the Bludgeoner (Minotaur Fighter)           Turns: 2648, Time: 00:13:28

Health: -3/128     AC: 24    Str: 27    XL:     13   Next: 5%
Magic:  21/21      EV: 19    Int:  5    God:    the Shining One [******]
Gold:   1754       SH: 26    Dex: 14    Spells: 12/12 levels left

rFire    . . .     SeeInvis .   l - +2 morningstar (flame)
rCold    . . .     Gourm    .   c - +0 medium shield
rNeg     + + +     Faith    .   A - +3 chain mail
rPois    .         Spirit   .   (helmet restricted)
rElec    .         Reflect  .   (no cloak)
rCorr    .         Harm     .   p - +2 pair of gloves
MR       +....     NoTele   +   a - +2 pair of boots
Stlth    ..........             (no amulet)
HPRegen  0.31/turn              u - ring of protection from magic
MPRegen  0.17/turn              s - +2 ring of evasion

@: mighty, divine shield, glowing
A: retaliatory headbutt, horns 2
a: Divine Shield, Cleansing Flame, Summon Divine Warrior, Brand Weapon With Holy
Wrath, Renounce Religion


You were in the Dungeon.
You worshipped the Shining One.
The Shining One was exalted by your worship.
You were hungry.

You visited 1 branch You collected 1911 gold pieces.
You spent 157 gold pieces at shops.

Inventory:

Hand Weapons
 l - a +2 morningstar of flaming (weapon)
Missiles
 y - 2 throwing nets (quivered) {!f}
Armour
 a - a +2 pair of boots (worn)
 c - a +0 medium shield (worn)
 p - a +2 pair of gloves (worn)
 A - a +3 chain mail (worn)
Jewellery
 s - a +2 ring of evasion (right hand)
 t - an uncursed ring of ice
 u - a ring of protection from magic (left hand)
Wands
 o - a wand of iceblast (10)
 q - a wand of enslavement (8)
Scrolls
 k - 4 scrolls of blinking
 m - 4 scrolls of remove curse
 n - 3 scrolls of amnesia
 v - 2 scrolls of fear
 w - 2 scrolls of enchant armour
 x - a scroll of identify
 E - a scroll of fog
Potions
 d - 2 potions of brilliance
 f - 2 potions of curing
 g - 5 potions of heal wounds
 h - a potion of haste
 i - 4 potions of magic
 j - 2 potions of berserk rage
 B - 2 potions of might
 C - 2 potions of agility
Comestibles
 b - 5 chunks of flesh
 e - 11 rations {!d}


   Skills:
 + Level 15.6 Fighting
 * Level 20.7 Maces & Flails
 + Level 15.7 Armour
 + Level 14.3 Dodging
 + Level 15.7 Shields
 + Level 13.0 Invocations


You had 12 spell levels left.
You didn't know any spells.
Your spell library was empty.

Dungeon Overview and Level Annotations

Branches:
Dungeon (1/1)

Altars:
Cheibriados
Dithmenos
Elyvilon
Fedhas
Gozag
Hepliaklqana
Kikubaaqudgha
Lugonu
Makhleb
Nemelex Xobeh
Okawaru
Qazlal
Ru
Sif Muna
Trog
Uskayaw
Vehumet
Wu Jian
Xom
Yredelemnul
Zin
The Shining One
Beogh
Jiyva

Shops:
D *(*%


Innate Abilities, Weirdness & Mutations

You reflexively headbutt those who attack you in melee.
You have a pair of horns on your head.


Message History

You are lethally poisoned!
The emperor scorpion poisons you!
You block the emperor scorpion's attack.
The emperor scorpion completely misses you.
You block the jumping spider's attack. x2
You thump the emperor scorpion! You burn the emperor scorpion.
Your headbutt misses the emperor scorpion.
The emperor scorpion is heavily wounded.
* * * LOW HITPOINT WARNING * * *
You feel very sick.
You block the emperor scorpion's attack. x2
The emperor scorpion closely misses you.
You block the jumping spider's attack. The jumping spider closely misses you.
The moth of wrath angrily waves its antennae.
You feel better.
You block the emperor scorpion's attack. x2
The emperor scorpion closely misses you.
You block the jumping spider's attack. The jumping spider barely misses you.
The emperor scorpion stings you!!
You die...

▓.▓.▓)▓.▓.▓.▓.▓.▓_
▓†▓.▓.▓.▓.▓.▓.▓.▓_
▓.▓.▓.▓.▓.▓.▓.▓.▓_
♣'♣.▓[▓.▓.▓.▓.▓.▓_
♣.♣.▓[▓.▓.▓.▓.▓.▓_
♣.♣.▓[▓.▓)▓.▓.▓.▓_
♣÷♣.▓[▓.▓)▓.▓.▓.▓_
♣s♣.▓[▓.▓)▓.▓†▓.▓_
♣@♣.▓[▓.▓[▓.▓.▓.▓_
♣s♣.▓[▓.▓)▓.▓÷▓.▓_
♣s♣.▓.▓.▓)▓.▓.▓.▓_
♣y♣.▓.▓.▓)▓.▓.▓.▓_
♣y♣)▓.▓.▓)▓.▓.▓.▓_
▓†▓.▓.▓.▓.▓.▓.▓.▓_
▓.▓.▓.▓.▓.▓.▓.▓.▓_
▓.▓.▓.▓.▓.▓.▓.▓.▓_
▓.▓.▓.▓.▓.▓.▓.▓.▓_


You could see an emperor scorpion (berserk), 2 moths of wrath, a jumping spider
and a tarantella.

Vanquished Creatures
  Aizul (D)
  3 ettins (D)
  A yaktaur captain (D)
  Harold (D)
  5 ogre magi (D)
  A naga warrior (D)
  2 anacondas (D)
  A ghost crab (D)
  A centaur warrior (D)
  3 two-headed ogres (D)
  A deep troll shaman (D)
  2 naga sharpshooters (D)
  A tengu warrior (D)
  An orc high priest (D)
  A mana viper (D)
  An ugly thing (D)
  An orc knight (D)
  3 manticores (D)
  An orc sorcerer (D)
  A guardian serpent (D)
  A black mamba (D)
  4 cane toads (D)
  Joseph (D)
  A komodo dragon (D)
  An efreet (D)
  2 jumping spiders (D)
  2 tyrant leeches (D)
  3 blink frogs (D)
  A slime creature (D)
  A hippogriff (D)
  A shadow (D)
  A wyvern (D)
  3 yaks (D)
  A hungry ghost (D)
  A vampire mosquito (D)
  2 nagas (D)
  2 crocodiles (D)
  3 water moccasins (D)
  10 orc warriors (D)
  2 ice beasts (D)
  5 ogres (D)
  A wolf (D)
  5 bullfrogs (D)
  A killer bee (D)
  A wight (D)
  A crimson imp (D)
  5 orc priests (D)
  2 hounds (D)
  2 orc wizards (D)
  A worker ant (D)
  An adder (D)
  An ooze (D)
  7 orcs (D)
  A hobgoblin (D)
  A jackal (D)
  A frilled lizard (D)
  A kobold (D)
  A leopard gecko skeleton (D)
  A leopard gecko zombie (D)
  A rat (D)
115 creatures vanquished.

Vanquished Creatures (collateral kills)
  2 bog bodies (D)
  A tarantella (D)
3 creatures vanquished.

Vanquished Creatures (others)
  An alligator (D)
  A cane toad (D)
  2 hornets (D)
  2 swamp drakes (D)
  A jelly (D)
7 creatures vanquished.

Grand Total: 125 creatures vanquished

Notes
Turn   | Place    | Note
-------+----------+-------------------------------------------
     0 | D        | Freyura the Minotaur Fighter began the quest for the Orb.
     0 | D        | Reached XP level 1. HP: 19/19 MP: 0/0
    10 | D        | Reached skill level 3 in Maces & Flails
    14 | D        | Reached skill level 1 in Dodging
    18 | D        | Reached XP level 2. HP: 18/27 MP: 1/1
   127 | D        | Reached skill level 4 in Maces & Flails
   140 | D        | Reached skill level 5 in Fighting
   140 | D        | Reached skill level 5 in Maces & Flails
   140 | D        | Reached skill level 5 in Armour
   140 | D        | Reached skill level 5 in Shields
   140 | D        | Reached XP level 3. HP: 17/36 MP: 2/2
   148 | D        | Found a roughly hewn altar of Beogh.
   148 | D        | Found a snail-covered altar of Cheibriados.
   148 | D        | Found a shadowy altar of Dithmenos.
   148 | D        | Found a white marble altar of Elyvilon.
   148 | D        | Found a blossoming altar of Fedhas.
   148 | D        | Found an opulent altar of Gozag.
   149 | D        | Found a hazy altar of Hepliaklqana.
   150 | D        | Found a viscous altar of Jiyva.
   151 | D        | Found an ancient bone altar of Kikubaaqudgha.
   152 | D        | Found a corrupted altar of Lugonu.
   153 | D        | Found a burning altar of Makhleb.
   154 | D        | Found a sparkling altar of Nemelex Xobeh.
   155 | D        | Found an iron altar of Okawaru.
   156 | D        | Found a stormy altar of Qazlal.
   157 | D        | Found a sacrificial altar of Ru.
   158 | D        | Found a shimmering blue altar of Sif Muna.
   159 | D        | Found a bloodstained altar of Trog.
   160 | D        | Found a hide-covered altar of Uskayaw.
   161 | D        | Found a radiant altar of Vehumet.
   162 | D        | Found an ornate altar of the Wu Jian Council.
   163 | D        | Found a shimmering altar of Xom.
   164 | D        | Found a basalt altar of Yredelemnul.
   165 | D        | Found a glowing silver altar of Zin.
   166 | D        | Found a glowing golden altar of the Shining One.
   174 | D        | Became a worshipper of the Shining One
   288 | D        | Noticed a centaur warrior
   288 | D        | Noticed a manticore
   288 | D        | Reached * piety under the Shining One
   288 | D        | Noticed a hungry ghost
   288 | D        | Reached ** piety under the Shining One
   293 | D        | Killed a centaur warrior
   293 | D        | Reached skill level 10 in Maces & Flails
   293 | D        | Reached skill level 5 in Invocations
   293 | D        | Reached XP level 4. HP: 42/48 MP: 2/7
   293 | D        | Reached XP level 5. HP: 46/53 MP: 2/8
   293 | D        | Reached XP level 6. HP: 53/61 MP: 2/9
   293 | D        | Reached XP level 7. HP: 59/68 MP: 2/10
   296 | D        | Killed a manticore
   296 | D        | Reached skill level 11 in Maces & Flails
   296 | D        | Reached XP level 8. HP: 57/77 MP: 2/11
   305 | D        | Reached skill level 12 in Maces & Flails
   313 | D        | Noticed an efreet
   313 | D        | Reached *** piety under the Shining One
   321 | D        | Killed an efreet
   328 | D        | Reached skill level 10 in Armour
   448 | D        | Reached **** piety under the Shining One
   448 | D        | Noticed a cane toad
   448 | D        | Noticed a black mamba
   453 | D        | Noticed a hippogriff
   455 | D        | Reached skill level 13 in Maces & Flails
   455 | D        | Reached skill level 10 in Shields
   455 | D        | Reached XP level 9. HP: 75/85 MP: 13/13
   455 | D        | Noticed a cane toad
   464 | D        | Reached skill level 10 in Fighting
   469 | D        | Noticed a cane toad
   473 | D        | Killed a cane toad
   478 | D        | Killed a black mamba
   485 | D        | Reached skill level 14 in Maces & Flails
   488 | D        | Killed a cane toad
   490 | D        | Killed a cane toad
   677 | D        | Noticed a komodo dragon
   677 | D        | Reached ***** piety under the Shining One
   683 | D        | Killed a komodo dragon
   683 | D        | Reached XP level 10. HP: 95/96 MP: 15/15
   692 | D        | Reached skill level 10 in Dodging
   694 | D        | Reached skill level 15 in Maces & Flails
   724 | D        | Noticed a cane toad
   729 | D        | Reached ****** piety under the Shining One
   735 | D        | Killed a cane toad
   833 | D        | Noticed Harold
   849 | D        | Killed Harold
   849 | D        | Reached skill level 16 in Maces & Flails
  1112 | D        | Noticed an orc sorcerer
  1114 | D        | Noticed an orc high priest
  1116 | D        | Noticed a smoke demon
  1122 | D        | Killed an orc sorcerer
  1122 | D        | Reached skill level 10 in Invocations
  1122 | D        | Reached XP level 11. HP: 29/105 MP: 17/17
  1130 | D        | Noticed an orc knight
  1131 | D        | Noticed a sixfirhy
  1138 | D        | Killed an orc high priest
  1157 | D        | Killed an orc knight
  1157 | D        | Reached skill level 17 in Maces & Flails
  1286 | D        | Found Zoarroo's Assorted Antiques.
  1286 | D        | Noticed an ogre mage
  1286 | D        | Noticed a two-headed ogre
  1286 | D        | Noticed a two-headed ogre
  1293 | D        | Killed an ogre mage
  1294 | D        | Found Tadonuew's Antique Weapon Shoppe.
  1294 | D        | Noticed a two-headed ogre
  1294 | D        | Noticed an ogre mage
  1297 | D        | Killed a two-headed ogre
  1302 | D        | Killed a two-headed ogre
  1306 | D        | Killed a two-headed ogre
  1308 | D        | Found Siruyloi's Assorted Antiques.
  1308 | D        | Noticed an ogre mage
  1313 | D        | Killed an ogre mage
  1313 | D        | Reached skill level 18 in Maces & Flails
  1315 | D        | Found Azomn's Food Shoppe.
  1317 | D        | Killed an ogre mage
  1324 | D        | Noticed an ogre mage
  1325 | D        | Noticed an ogre mage
  1331 | D        | Killed an ogre mage
  1338 | D        | Killed an ogre mage
  1389 | D        | Bought a pair of runed boots for 157 gold pieces
  1511 | D        | Got the +1 leather armour "Nyquywn" {Int+4}
  1546 | D        | Reached XP level 12. HP: 108/117 MP: 19/19
  1567 | D        | Noticed a yaktaur captain
  1569 | D        | Noticed an ettin
  1570 | D        | Noticed a tengu warrior
  1570 | D        | Noticed an ettin
  1573 | D        | Noticed an ettin
  1578 | D        | Noticed a deep troll shaman
  1582 | D        | Killed a yaktaur captain
  1582 | D        | Reached skill level 19 in Maces & Flails
  1587 | D        | Killed an ettin
  1590 | D        | Killed a tengu warrior
  1594 | D        | Killed an ettin
  1597 | D        | Killed an ettin
  1603 | D        | Killed a deep troll shaman
  1783 | D        | Noticed Joseph
  1790 | D        | Killed Joseph
  1790 | D        | Reached skill level 15 in Armour
  1804 | D        | Noticed Aizul
  1815 | D        | Killed Aizul
  1815 | D        | Reached skill level 15 in Fighting
  1815 | D        | Reached skill level 15 in Shields
  2185 | D        | Noticed an anaconda
  2186 | D        | Noticed an anaconda
  2190 | D        | Killed an anaconda
  2190 | D        | Reached skill level 20 in Maces & Flails
  2191 | D        | Noticed a naga warrior
  2211 | D        | Killed an anaconda
  2224 | D        | Killed a naga warrior
  2494 | D        | Noticed a ghost crab
  2494 | D        | Noticed an alligator
  2500 | D        | Killed an alligator
  2517 | D        | Killed a ghost crab
  2517 | D        | Reached XP level 13. HP: 95/127 MP: 11/21
  2606 | D        | Noticed an emperor scorpion
  2648 | D        | Slain by an emperor scorpion

Skill      XL: |  1  2  3  4  5  6  7  8  9 10 11 12 |
---------------+-------------------------------------+-----
Maces & Flails | 3 5 10 11 13 14 16 18 20 | 20.7
Dodging        | 1 2 6 7 8 9 11 12 14 | 14.3
Fighting       | 4 5 8 9 11 12 14 15 | 15.6
Armour         | 4 5 8 9 10 11 12 14 15 | 15.7
Shields        | 4 5 8 9 10 11 12 14 15 | 15.7
Invocations    | 5 6 7 8 10 11 13 | 13.0

Action                   |  1- 3 |  4- 6 |  7- 9 | 10-12 | 13-15 || total
-------------------------+-------+-------+-------+-------+-------++-------
Melee: Flail             |    36 |       |       |       |       ||    36
       Headbutt          |     8 |       |    15 |    54 |     6 ||    83
       Morningstar       |     4 |       |    72 |   259 |    25 ||   360
Invok: Divine Shield     |       |       |       |     3 |     1 ||     4
       Summon Divine War |       |       |       |     1 |       ||     1
  Use: Potion            |     1 |       |       |     3 |     4 ||     8
       Scroll            |       |       |     2 |     3 |       ||     5
  Eat: Chunk             |       |       |     2 |     5 |     1 ||     8
Armor: Scale mail        |     8 |       |       |       |       ||     8
       Ring mail         |     4 |       |     6 |     5 |       ||    15
       Chain mail        |       |       |       |    15 |    21 ||    36
Dodge: Dodged            |     9 |       |    29 |    66 |    27 ||   131
Block: Medium shield     |    17 |       |    31 |   128 |    56 ||   232
